 Dungeon Crawl Stone Soup version 0.18.1-47-g9310371 (webtiles) character file.

20561 senseless the Fighter (level 12, -2/118 HPs)
             Began as a Minotaur Gladiator on June 18, 2016.
             Was a High Priest of Cheibriados.
             Slain by a vault guard
             ... wielding a +0 dire flail
              (6 damage)
             ... on level 12 of the Dungeon on June 20, 2016.
             The game lasted 00:42:35 (11309 turns).

senseless the Fighter (Minotaur Gladiator)         Turns: 11309, Time: 00:42:36

Health: -2/118     AC: 19    Str: 33    XL:     12   Next: 46%
Magic:  7/16       EV:  2    Int: 17    God:    Cheibriados [*****.]
Gold:   852        SH:  0    Dex: 27    Spells: 0 memorised, 21 levels left

rFire  + . .     SeeInvis .     L - +2 battleaxe
rCold  . . .     Gourm    .     n - +0 plate armour
rNeg   + + +     Faith    .     (shield currently unavailable)
rPois  ∞         Spirit   .     c - +0 hat
rElec  .         Dismiss  .     (no cloak)
rCorr  .         Reflect  .     h - +0 pair of gloves
SustAt .         Harm     .     t - +1 pair of boots {Stlth+}
MR     .....     Rnd*Rage +     R - amulet of regeneration
Stlth  ..........               s - +3 ring of dexterity
                                P - ring of wizardry

@: petrified, very slow, not resistant to hostile enchantments, extremely
unstealthy
A: retaliatory headbutt, claws 1, horns 2, icy blue scales 1, berserk 1, fire
resistance 1, low mp 1, evolution 1
a: Bend Time, Temporal Distortion, Slouch, Step From Time, Renounce Religion


You were on level 12 of the Dungeon.
You worshipped Cheibriados.
Cheibriados was extremely pleased with you.
You were hungry.

You visited 1 branch of the dungeon, and saw 13 of its levels.
You also visited: Ice Cave.

You collected 1218 gold pieces.
You spent 366 gold pieces at shops.

Inventory:

Hand Weapons
 a - a +2 war axe
 L - a +2 battleaxe (weapon)
Missiles
 d - 3 throwing nets
 I - 3 exploding tomahawks (quivered)
Armour
 b - a +0 leather armour
 c - a +0 hat (worn)
 h - a +0 pair of gloves (worn)
 n - a +0 plate armour (worn)
 t - a +1 pair of boots of stealth (worn)
 A - a +0 plate armour
 D - a +0 pair of gloves
 E - a steam dragon hide
 Q - an ice dragon hide
Jewellery
 m - an uncursed amulet of faith
 p - an uncursed amulet of dismissal
 s - a +3 ring of dexterity (right hand)
 C - an uncursed ring of flight
 P - a ring of wizardry (left hand)
 R - an amulet of regeneration (around neck)
Wands
 v - a wand of acid (3/15)
 w - a wand of disintegration (13/24)
 y - a wand of confusion (16/48)
 M - a wand of heal wounds (4/9)
 S - a wand of slowing (30/48)
Scrolls
 k - a scroll of blinking
 l - a scroll of recharging
 u - 3 scrolls of fear
 x - 6 scrolls of remove curse
 z - a scroll of teleportation
 N - a scroll of immolation {unknown}
 T - a scroll of vulnerability {unknown}
Potions
 e - a potion of flight
 i - 2 potions of brilliance
 o - 7 potions of curing
 r - 4 potions of resistance
 B - 2 potions of ambrosia
 F - a potion of heal wounds
 K - 2 potions of might {unknown}
Books
 q - a book of the Warp

   Spells                             Type                      Level
   a - Recall                         Summoning/Translocation      3
   b - Gell's Gravitas                Hexes/Translocation          3
   c - Force Lance                    Conjuration/Translocation    4
   d - Warp Weapon                    Charms/Translocation         5
   e - Summon Forest                  Summoning/Translocation      5
 H - a Fen Folio

   Spells                             Type                      Level
   a - Corpse Rot                     Necromancy                   2
   b - Stone Arrow                    Conjuration/Earth            3
   c - Leda's Liquefaction            Hexes/Earth                  4
   d - Summon Forest                  Summoning/Translocation      5
   e - Hydra Form                     Transmutation                6
   f - Summon Hydra                   Summoning                    7
 J - a book of Frost

   Spells                             Type                      Level
   a - Freeze                         Ice                          1
   b - Throw Frost                    Conjuration/Ice              2
   c - Ozocubu's Armour               Charms/Ice                   3
   d - Throw Icicle                   Conjuration/Ice              4
   e - Summon Ice Beast               Ice/Summoning                4
 O - a book of the Earth

   Spells                             Type                      Level
   a - Leda's Liquefaction            Hexes/Earth                  4
   b - Bolt of Magma                  Conjuration/Fire/Earth       5
   c - Statue Form                    Transmutation/Earth          6
   d - Iron Shot                      Conjuration/Earth            6
   e - Shatter                        Earth                        9
Comestibles
 f - 7 bread rations
 g - 5 meat rations
 j - 2 beef jerkies
 G - a royal jelly


   Skills:
 * Level 14.4 Fighting
 + Level 10.8 Axes
 - Level 2.0 Throwing
 + Level 10.6 Armour
 + Level 10.3 Dodging
 * Level 5.0 Spellcasting


You had 21 spell levels left.
You didn't know any spells.

Dungeon Overview and Level Annotations

Branches:
Dungeon (13/15)            Temple (0/1) D:7            Lair (0/8) D:11
    Orc (0/2) D:11         Vaults (0/5) D:13

Altars:
Ashenzari
Cheibriados
Ru
Trog
Xom
The Shining One
Beogh

Shops:
D:6 *}   D:8 %


Innate Abilities, Weirdness & Mutations

You reflexively headbutt those who attack you in melee.
You have a pair of horns on your head.
You have sharp fingernails.
You are partially covered in icy blue scales (AC +1).
You tend to lose your temper in combat.
Your flesh is heat resistant.
Your magical capacity is low (-10% MP).
You evolve.


Message History

* * * LOW HITPOINT WARNING * * *
The vault guard barely misses you.
The vampire mosquito bites you but does no damage.
The vault guard hits you with a dire flail.
* * * LOW HITPOINT WARNING * * *
The vampire mosquito bites you but does no damage.
The vault guard hits you with a battleaxe!
* * * LOW HITPOINT WARNING * * *
The vampire mosquito bites you but does no damage.
The vault guard hits you but does no damage.
The vampire mosquito bites you.
The vampire mosquito bites you but does no damage.
The vault guard hits you with a battleaxe!
* * * LOW HITPOINT WARNING * * *
The vault guard hits you with a dire flail.
* * * LOW HITPOINT WARNING * * *
The vampire mosquito bites you but does no damage.
The vampire mosquito barely misses you.
The vault guard hits you with a dire flail!
You die...

#####
#.#.........####.# #.#
# #.#.#.#####......#
#.# # #.....# ########
#.# # ######.### #.# #
#.......# ####### #.##
#####.####..# #.....#
#..#
............####.....#
##.#
................yp...#
#.#
.............###@....#
#####.# #####.......##
#p....# #..[..# #
#.#...#.#
##########.##### #
#.#.#.#.# #.†......#
#####.#...#.#
#.#####..#
...##.......#
#.#...#..#
...#####.####
#..###...# ....# ##.##
######.## ##.##
.)).###...###......#
#.#


You could see 2 vault guards and a vampire mosquito.

Vanquished Creatures
  2 ice dragons (IceCv)
  A hydra (D:13)
  A centaur warrior (D:11)
  Sonja (D:12)
  The ghost of Malvoorn the Carver, a novice VSBe of Trog (D:8)
  A hill giant (D:10)
  An unseen horror (D:12)
  The ghost of mindo the Covered, a novice MiFi (D:7)
  4 ugly things
  2 cyclopes (D:11)
  2 ice statues (IceCv)
  2 centaur zombies
  A spiny frog (D:11)
  A gargoyle (D:11)
  A komodo dragon (D:11)
  2 trolls
  Prince Ribbit (D:7)
  A shadow (D:12)
  The ghost of VorpalKnives the Stinger, an amateur SpVM of Sif Muna (D:5)
  4 yaks (D:11)
  A basilisk (D:13)
  2 wraiths
  Eustachio (D:6)
  2 hippogriffs
  Grum (D:8)
  3 hungry ghosts
  2 steam dragons
  A soldier ant (D:11)
  8 orc warriors
  A sky beast (D:10)
  A wasp (D:11)
  27 ice beasts
  An eye of draining (D:12)
  A necrophage (D:11)
  3 ogres
  3 phantoms
  2 wolves (D:8)
  2 centaurs
  9 giant frogs
  A water moccasin zombie (D:6)
  4 scorpions
  12 killer bees
  11 wights
  6 howler monkeys
  A jelly (D:5)
  2 crimson imps
  A giant frog zombie (D:5)
  9 orc priests
  7 hounds
  A centaur skeleton (D:8)
  An iguana (D:10)
  7 orc wizards
  6 worker ants
  A sheep (D:11)
  A hound zombie (D:6)
  15 adders
  2 shadow imps
  2 worms
  4 dart slugs
  4 giant geckos
  47 orcs
  2 giant cockroaches
  13 goblins
  9 hobgoblins
  4 jackals
  A quokka (D:3)
  A ball python (D:1)
  A ball python skeleton (D:6)
  5 bats (D:1)
  A giant cockroach zombie (D:3)
  3 giant gecko skeletons
  A giant gecko zombie (D:5)
  4 giant newts
  4 kobolds
  14 rats
  A butterfly (D:7)
311 creatures vanquished.

Notes
Turn   | Place    | Note
--------------------------------------------------------------
     0 | D:1      | senseless the Minotaur Gladiator began the quest for the Orb.
     0 | D:1      | Reached XP level 1. HP: 18/18 MP: 0/0
    93 | D:1      | Reached XP level 2. HP: 25/25 MP: 1/1
   169 | D:1      | Reached skill level 1 in Armour
   182 | D:1      | Reached skill level 3 in Fighting
   390 | D:1      | Reached XP level 3. HP: 31/31 MP: 2/2
   972 | D:2      | Found a snail-covered altar of Cheibriados.
   980 | D:2      | Reached XP level 4. HP: 40/40 MP: 3/3
   983 | D:2      | Became a worshipper of Cheibriados the Contemplative
  1219 | D:2      | Found a bloodstained altar of Trog.
  1265 | D:3      | Reached skill level 4 in Fighting
  1335 | D:3      | Reached XP level 5. HP: 36/47 MP: 4/4
  1598 | D:3      | Found a bloodstained altar of Trog.
  1627 | D:3      | Reached * piety under Cheibriados
  1812 | D:4      | Found a glowing golden altar of the Shining One.
  1892 | D:4      | Reached skill level 5 in Fighting
  1975 | D:4      | You fall through a shaft!
  1975 | D:5      | Entered Level 5 of the Dungeon
  1975 | D:5      | Noticed VorpalKnives's ghost (amateur SpVM)
  1983 | D:5      | Reached skill level 5 in Axes
  1983 | D:5      | Reached XP level 6. HP: 38/56 MP: 5/5
  2008 | D:5      | Killed VorpalKnives's ghost
  2394 | D:5      | Reached skill level 6 in Fighting
  2444 | D:5      | Reached XP level 7. HP: 62/63 MP: 6/6
  2521 | D:5      | Reached ** piety under Cheibriados
  2596 | D:5      | Reached skill level 5 in Dodging
  2599 | D:5      | Found a shattered altar of Ashenzari.
  2609 | D:5      | Found a shimmering altar of Xom.
  2833 | D:6      | Reached skill level 7 in Fighting
  2959 | D:6      | Reached XP level 8. HP: 36/73 MP: 7/7
  3311 | D:6      | Found Mualac's Gadget Emporium.
  3353 | D:6      | Found Fyxzol's Assorted Antiques.
  3360 | D:6      | Bought a scroll of identify for 36 gold pieces
  3360 | D:6      | Bought a scroll of identify for 36 gold pieces
  3360 | D:6      | Bought a scroll of identify for 36 gold pieces
  3505 | D:6      | Noticed Eustachio
  3513 | D:6      | Killed Eustachio
  3513 | D:6      | Reached skill level 5 in Armour
  3715 | D:7      | Reached *** piety under Cheibriados
  3715 | D:7      | Reached skill level 8 in Fighting
  3906 | D:7      | Noticed mindo's ghost (novice MiFi)
  3923 | D:7      | Killed mindo's ghost
  3923 | D:7      | Reached skill level 9 in Fighting
  3923 | D:7      | Reached XP level 9. HP: 24/83 MP: 8/8
  4328 | D:7      | Noticed Prince Ribbit
  4355 | D:7      | Killed Prince Ribbit
  4401 | D:7      | Found a staircase to the Ecumenical Temple.
  4496 | D:8      | Reached skill level 10 in Fighting
  4594 | D:8      | Found a sacrificial altar of Ru.
  4599 | D:8      | Noticed Grum
  4607 | D:8      | Killed Grum
  4607 | D:8      | Reached **** piety under Cheibriados
  4648 | D:8      | Noticed Malvoorn's ghost (novice VSBe)
  4663 | D:8      | Killed Malvoorn's ghost
  4938 | D:8      | Found Qoqaogru's Food Shop.
  4943 | D:8      | Bought a beef jerky for 18 gold pieces
  4943 | D:8      | Bought a meat ration for 60 gold pieces
  4943 | D:8      | Bought a bread ration for 60 gold pieces
  4943 | D:8      | Bought a meat ration for 60 gold pieces
  4943 | D:8      | Bought a meat ration for 60 gold pieces
  5009 | D:8      | Reached skill level 11 in Fighting
  5222 | D:8      | Reached XP level 10. HP: 80/95 MP: 9/9
  5828 | D:8      | Reached ***** piety under Cheibriados
  6689 | D:10     | Entered Level 10 of the Dungeon
  6721 | D:10     | Reached skill level 12 in Fighting
  6989 | D:10     | Noticed a red ugly thing
  6995 | D:10     | Killed a red ugly thing
  6999 | D:10     | Gained mutation: You are partially covered in icy blue scales (AC +1). [mutagenic meat]
  7000 | D:10     | Gained mutation: You tend to lose your temper in combat. [mutagenic meat]
  7745 | D:11     | Noticed a cyclops
  7759 | D:11     | Killed a cyclops
  7759 | D:11     | Reached skill level 1 in Spellcasting
  7784 | D:11     | Noticed a gargoyle
  7794 | D:11     | Reached ****** piety under Cheibriados
  7794 | D:11     | Killed a gargoyle
  7794 | D:11     | Reached XP level 11. HP: 45/105 MP: 12/12
  8031 | D:11     | Found a staircase to the Lair.
  8475 | D:11     | Found a roughly hewn altar of Beogh.
  8480 | D:11     | Found a staircase to the Orcish Mines.
  9042 | D:10     | Noticed a hill giant
  9048 | D:10     | Killed a hill giant
  9048 | D:10     | Reached skill level 13 in Fighting
  9354 | D:11     | Noticed a red ugly thing
  9355 | D:11     | Noticed a white ugly thing
  9358 | D:11     | Killed a red ugly thing
  9366 | D:11     | Killed a red ugly thing
  9366 | D:11     | Reached skill level 10 in Axes
  9370 | D:11     | Gained mutation: You have sharp fingernails. [mutagenic meat]
  9371 | D:11     | Gained mutation: Your flesh is heat resistant. [mutagenic meat]
  9372 | D:11     | Gained mutation: Your magical capacity is low (-10% MP). [mutagenic meat]
  9376 | D:11     | Noticed a centaur warrior
  9380 | D:11     | Killed a centaur warrior
  9388 | D:12     | Noticed Psyche
  9589 | D:12     | Noticed Sonja
  9591 | D:12     | Killed Sonja
  9668 | D:12     | Killed an unseen horror
  9821 | D:12     | Reached skill level 10 in Armour
 10079 | D:12     | Noticed a white ugly thing
 10085 | D:12     | Killed a white ugly thing
 10089 | D:12     | Gained mutation: You evolve. [mutagenic meat]
 10220 | D:13     | Reached XP level 12. HP: 116/116 MP: 15/15
 10233 | D:13     | Found a frozen archway.
 10245 | D:13     | Reached skill level 10 in Dodging
 10256 | IceCv    | Entered an ice cave
 10355 | IceCv    | Reached skill level 14 in Fighting
 10356 | IceCv    | HP: 1/117 [ice beast[an ice statue] (6)]
 10721 | IceCv    | Noticed an ice dragon
 10722 | IceCv    | Noticed an ice dragon
 10728 | IceCv    | Killed an ice dragon
 10731 | IceCv    | Killed an ice dragon
 11090 | IceCv    | Identified a scroll of acquirement
 11125 | D:13     | Found a glowing golden altar of the Shining One.
 11137 | D:13     | Noticed an eight-headed hydra
 11144 | D:13     | Killed an 11-headed hydra
 11280 | D:13     | Found a gate to the Vaults.
 11280 | D:13     | Noticed a catoblepas
 11280 | D:13     | Noticed a vault guard
 11280 | D:13     | Noticed a vault guard
 11280 | D:13     | Noticed a vault guard
 11280 | D:13     | Noticed a vault guard
 11281 | D:13     | Reached skill level 5 in Spellcasting
 11308 | D:12     | HP: 5/118 [vault guard/battleaxe (5)]
 11309 | D:12     | Slain by a vault guard

Skill      XL: |  1  2  3  4  5  6  7  8  9 10 11 12 |
---------------+-------------------------------------+-----
Armour         | 1 2 3 4 6 7 9 10 | 10.6
Fighting       | 3 4 5 6 7 9 11 12 13 14 | 14.4
Axes           | 4 5 6 7 8 9 10 | 10.8
Dodging        | 4 5 6 7 9 10 | 10.3
Spellcasting   | 1 4 5 |  5.0
Throwing       | |  2.0

Action                   |  1- 3 |  4- 6 |  7- 9 | 10-12 || total
-------------------------+-------+-------+-------+-------++-------
Melee: War axe           |    61 |   120 |   184 |   192 ||   557
       Headbutt          |    12 |    25 |    56 |   104 ||   197
       Battleaxe         |       |       |       |   109 ||   109
Invok: Slouch            |       |       |       |     3 ||     3
  Use: Scroll            |       |     8 |     7 |     9 ||    24
       Potion            |       |     4 |       |     2 ||     6
  Eat: Chunk             |       |     4 |     4 |    17 ||    25
       Meat ration       |       |       |     2 |       ||     2
       Beef jerky        |       |       |       |     2 ||     2
       Pizza             |       |       |       |     1 ||     1
Armor: Leather armour    |    13 |       |       |       ||    13
       Plate armour      |    13 |    80 |   131 |   219 ||   443
       Skin              |       |    20 |       |       ||    20
Dodge: Dodged            |    38 |    64 |   113 |   384 ||   599
